 Dungeon Crawl Stone Soup version 0.19-a0-1714-gcab94ab (webtiles) character file.

211 kae the Slasher (level 5, -4/45 HPs)
             Began as a Minotaur Fighter on Sept 28, 2016.
             Was an Initiate of Qazlal.
             Slain by Pikel
             ... wielding a +0 whip of electrocution
              (14 damage)
             ... on level 4 of the Dungeon.
             The game lasted 00:01:28 (1706 turns).

kae the Slasher (Minotaur Fighter)                  Turns: 1706, Time: 00:01:30

Health: -4/45      AC:  7    Str: 25    XL:     5   Next: 57%
Magic:  4/4        EV:  7    Int:  6    God:    Qazlal [......]
Gold:   233        SH:  9    Dex: 10    Spells: 0 memorised, 4 levels left

rFire  . . .     SeeInvis .     a - +0 long sword
rCold  . . .     Gourm    .     b - +0 scale mail
rNeg   . . .     Faith    .     c - +0 shield
rPois  .         Spirit   .     (helmet restricted)
rElec  .         Dismiss  .     (no cloak)
rCorr  .         Reflect  .     (no gloves)
MR     .....     Harm     .     (no boots)
Stlth  ..........               (no amulet)
                                (no ring)
                                (no ring)

@: mighty
A: retaliatory headbutt, horns 2
a: Renounce Religion


You were on level 4 of the Dungeon.
You worshipped Qazlal.
Qazlal was noncommittal.
You were not hungry.

You visited 2 branches of the dungeon, and saw 5 of its levels.

You collected 233 gold pieces.

Inventory:

Hand Weapons
 a - a +0 long sword (weapon)
Armour
 b - a +0 scale mail (worn)
 c - a +0 shield (worn)
Scrolls
 h - a scroll of immolation {unknown}
 i - 3 scrolls of remove curse {unknown}
 j - 6 scrolls of identify {unknown}
 l - 2 scrolls of fear {unknown}
 p - a scroll of amnesia {unknown}
 u - a scroll of recharging {unknown}
 v - a scroll of noise {unknown}
 x - a scroll of enchant weapon {unknown}
 y - a scroll of teleportation {unknown}
Potions
 e - a potion of berserk rage {unknown}
 k - 3 potions of heal wounds {unknown}
 n - 2 potions of mutation {unknown}
 o - a potion of resistance {unknown}
 q - a potion of beneficial mutation {unknown}
 r - a potion of haste {unknown}
 s - a potion of curing {unknown}
 t - a potion of cure mutation {unknown}
 w - a potion of ambrosia {unknown}
 z - a potion of brilliance {unknown}
Comestibles
 f - 6 bread rations
 g - 8 fruits
 m - a slice of pizza
 B - a beef jerky


   Skills:
 - Level 3.6 Fighting
 + Level 7.1 Long Blades
 - Level 3.6 Armour
 - Level 3.6 Shields


You had 4 spell levels left.
You didn't know any spells.

Dungeon Overview and Level Annotations

Branches:
Dungeon (4/15)             Temple (1/1) D:4

Altars:
Ashenzari
Cheibriados
Dithmenos
Elyvilon
Fedhas
Gozag
Hepliaklqana
Kikubaaqudgha
Makhleb
Nemelex Xobeh
Okawaru
Qazlal
Ru
Sif Muna
Trog
Uskayaw
Vehumet
Xom
Yredelemnul
Zin
The Shining One

Annotations:
D:4 Pikel


Innate Abilities, Weirdness & Mutations

You reflexively headbutt those who attack you in melee.
You have a pair of horns on your head.


Message History

That felt strangely unrewarding.
You completely miss the leopard gecko.
The slave shouts!
Your headbutt misses the leopard gecko. You block the leopard gecko's attack.
The leopard gecko bites you.
You slash the leopard gecko!
You kill the leopard gecko!
Qazlal accepts your kill.
You closely miss Pikel. Pikel waves a pair of manacles at you.
Pikel hits you but does no damage.
You are electrocuted!
Your shield and scale mail prevent you from hitting Pikel.
You block Pikel's attack.
You slash Pikel! You headbutt Pikel!
Pikel is heavily wounded.
You block Pikel's attack.
Pikel hits you with a whip of electrocution.
* * * LOW HITPOINT WARNING * * *
You are electrocuted!
You die...

#.##........(<#
####......
#.##..........#
##.####
#.##..........#
#.#
#.##..........#
#.#
#.#####.....#.#
#####.#### #.#
#.....#.#
#......<.. #.#
#....p#p#
#.........
#...p.#K#
#.........
#####.....#@#
#.........
#..†......#.#
#.........
#.......>.#.#
...........
.............#.#
............
..##.........#.#
............
..#########..#.#
............
.......###..#.#
............#.#
.......p....#


You could see Pikel and a slave.

Vanquished Creatures
  2 slaves (D:4)
  A howler monkey (D:4)
  Ijyb (D:2)
  A worker ant (D:4)
  6 adders
  A worm (D:3)
  3 dart slugs
  A leopard gecko (D:4)
  13 bats
  4 giant cockroaches
  3 goblins
  4 hobgoblins
  6 jackals
  7 kobolds
  2 quokkas (D:3)
  7 frilled lizards
  A leopard gecko skeleton (D:4)
  4 rats
67 creatures vanquished.

Notes
Turn   | Place    | Note
-------+----------+-------------------------------------------
     0 | D:1      | kae the Minotaur Fighter began the quest for the Orb.
     0 | D:1      | Reached XP level 1. HP: 19/19 MP: 0/0
    38 | D:1      | Reached skill level 3 in Long Blades
    73 | D:1      | Reached XP level 2. HP: 24/26 MP: 1/1
   310 | D:1      | Reached skill level 4 in Long Blades
   420 | D:2      | Noticed Ijyb
   425 | D:2      | Killed Ijyb
   425 | D:2      | Reached XP level 3. HP: 28/31 MP: 2/2
   453 | D:2      | Reached skill level 5 in Long Blades
   548 | D:2      | Reached XP level 4. HP: 29/39 MP: 3/3
   592 | D:2      | Found a faded altar of an unknown god.
   899 | D:3      | Reached skill level 6 in Long Blades
  1450 | D:4      | Reached XP level 5. HP: 41/45 MP: 4/4
  1542 | D:4      | Reached skill level 7 in Long Blades
  1586 | D:4      | Found a staircase to the Ecumenical Temple.
  1602 | Temple   | Entered the Ecumenical Temple
  1642 | Temple   | Became a worshipper of Qazlal Stormbringer
  1661 | D:4      | Noticed a slave
  1661 | D:4      | Noticed a slave
  1662 | D:4      | Noticed Pikel
  1662 | D:4      | Noticed a slave
  1663 | D:4      | Noticed a slave
  1692 | D:4      | Killed a slave
  1701 | D:4      | Killed a slave
  1706 | D:4      | Slain by Pikel

Vault maps used:
D:1:      nicolae_arrival_washed_ashore
D:2:      first_bread, ecumenical_altar_2, uniq_iyjb
D:3:      hangedman_feature_mirror
D:4:      uniq_pikel
Temple:   nicolae_temple_the_god_donut

Skill      XL: |  1  2  3  4  5 |
---------------+----------------+-----
Long Blades    | 3 4 5 6 7 |  7.1
Fighting       | |  3.6
Armour         | |  3.6
Shields        | |  3.6

Action                   |  1- 3 |  4- 6 || total
-------------------------+-------+-------++-------
Melee: Long sword        |    87 |   131 ||   218
       Headbutt          |    14 |    15 ||    29
  Use: Potion            |       |     1 ||     1
  Eat: Chunk             |       |     3 ||     3
Armor: Scale mail        |    51 |    55 ||   106
Dodge: Dodged            |    23 |    33 ||    56
Block: Shield            |    41 |    61 ||   102
